TOP OF THE 1ST |
Amarillo Archdukes batting - Pitching for Louisville Bats : LHP Ben Reyes
|
Pitching: LHP Ben Reyes
|
|
Batting: RHB Jesús Ramos
|
0-0: Ball 1-0: Fly out, F8 (Flyball, 8LD)
|
Batting: RHB Xie-li Fong
|
0-0: Ball 1-0: Foul Ball, location: 2F 1-1: Ball 2-1: SINGLE (Line Drive, 5D)
|
Batting: LHB Brian Easdale
|
0-0: Ball Xie-li Fong steals 2nd base 1-0: Ball 2-0: Ground out 3-1 (Groundball, 34S) Xie-li Fong to third
|
Batting: SHB Álex Hernández
|
0-0: Swinging Strike 0-1: Ball 1-1: Foul Ball, location: 2F 1-2: Foul Ball, location: 2F 1-2: Ball 2-2: TRIPLE (Line Drive, 8RXD) Xie-li Fong scores
|
Batting: RHB Fernando Castellanos
|
0-0: Foul Ball, location: 2F 0-1: Foul Ball, location: 2F 0-2: Ground out 1-3 (Groundball, P)
|
Top of the 1st over - 1 run, 2 hits, 0 errors, 1 left on base; Amarillo 1 - Louisville 0 |
BOTTOM OF THE 1ST |
Louisville Bats batting - Pitching for Amarillo Archdukes : RHP Ignacio Torres
|
Pitching: RHP Ignacio Torres
|
|
Batting: SHB Dave Henley
|
0-0: Called Strike 0-1: Foul Ball, location: 2F 0-2: Strikes out looking
|
Batting: LHB Ramón Morales
|
0-0: Ball 1-0: Foul Ball, location: 2F 1-1: Ball 2-1: Called Strike 2-2: Ball 3-2: Fly out, F5 (Line Drive, 5)
|
Batting: LHB George Smith
|
0-0: Ball 1-0: Ball 2-0: SINGLE (Flyball, 89M)
|
Batting: LHB Héctor Rentería
|
0-0: Ground out 4-3 (Groundball, 4M)
|
Bottom of the 1st over - 0 runs, 1 hit, 0 errors, 1 left on base; Amarillo 1 - Louisville 0 |
TOP OF THE 2ND |
Amarillo Archdukes batting - Pitching for Louisville Bats : LHP Ben Reyes
|
Batting: RHB Vincente Ramírez
|
0-0: Called Strike 0-1: SINGLE (Groundball, 6MD)
|
Batting: LHB António Chávez
|
0-0: Ball 1-0: Called Strike 1-1: Called Strike 1-2: Ball 2-2: Ball 3-2: Base on Balls Vincente Ramírez to second
|
Batting: RHB Félix Trevino
|
0-0: Ball 1-0: Swinging Strike 1-1: Ball 2-1: Grounds into double play, 5-4-3 (Groundball, 56) Vincente Ramírez to third
|
Batting: RHB Rich Henley
|
0-0: Ball 1-0: Called Strike 1-1: Foul Ball, location: 2F 1-2: Ball 2-2: Ball 3-2: Base on Balls
|
Batting: RHB Jesús Ramos
|
0-0: Called Strike 0-1: Foul Ball, location: 2F 0-2: Ball 1-2: Foul Ball, location: 2F 1-2: Fielders Choice at 2nd, 5-4 (Groundball, 56)
|
Top of the 2nd over - 0 runs, 1 hit, 0 errors, 2 left on base; Amarillo 1 - Louisville 0 |
BOTTOM OF THE 2ND |
Louisville Bats batting - Pitching for Amarillo Archdukes : RHP Ignacio Torres
|
Batting: RHB Juan García
|
0-0: Called Strike 0-1: Ball 1-1: Foul Ball, location: 2F 1-2: Foul Ball, location: 2F 1-2: Ball 2-2: Foul Ball, location: 2F 2-2: Ball 3-2: Foul Ball, location: 2F 3-2: Foul Ball, location: 2F 3-2: Reached on error, E3 (Groundball, 3)
|
Batting: RHB Danny Campbell
|
0-0: Ground out 5-3 (Groundball, 56S) Juan García to second
|
Batting: RHB Júlio Sánchez
|
0-0: Called Strike 0-1: Swinging Strike 0-2: SINGLE (Line Drive, 78M) Juan García to third Runner from 3rd tries for Home, throw and OUT!
|
Batting: LHB John Horton
|
0-0: Ball 1-0: Fly out, F7 (Line Drive, 7LM)
|
Bottom of the 2nd over - 0 runs, 1 hit, 1 error, 1 left on base; Amarillo 1 - Louisville 0 |
TOP OF THE 3RD |
Amarillo Archdukes batting - Pitching for Louisville Bats : LHP Ben Reyes
|
Batting: RHB Xie-li Fong
|
0-0: Fly out, F9 (Flyball, 9D)
|
Batting: LHB Brian Easdale
|
0-0: Fly out, F7 (Flyball, 78M)
|
Batting: SHB Álex Hernández
|
0-0: Called Strike 0-1: Ball 1-1: Ground out 5-3 (Groundball, 56)
|
Top of the 3rd over - 0 runs, 0 hits, 0 errors, 0 left on base; Amarillo 1 - Louisville 0 |
BOTTOM OF THE 3RD |
Louisville Bats batting - Pitching for Amarillo Archdukes : RHP Ignacio Torres
|
Batting: LHB Don Soper
|
0-0: Fly out, F9 (Flyball, 9S)
|
Batting: SHB Dave Henley
|
0-0: Swinging Strike 0-1: Called Strike 0-2: Foul Ball, location: 2F 0-2: Fly out, F8 (Line Drive, 8LM)
|
Batting: LHB Ramón Morales
|
0-0: Ball 1-0: Swinging Strike 1-1: Ball 2-1: Called Strike 2-2: Ball 3-2: Ground out U3 (Groundball, 34S)
|
Bottom of the 3rd over - 0 runs, 0 hits, 0 errors, 0 left on base; Amarillo 1 - Louisville 0 |
TOP OF THE 4TH |
Amarillo Archdukes batting - Pitching for Louisville Bats : LHP Ben Reyes
|
Batting: RHB Fernando Castellanos
|
0-0: Called Strike 0-1: Called Strike 0-2: Ball 1-2: Ball 2-2: Ball 3-2: Fly out, F6 (Popup, 4M)
|
Batting: RHB Vincente Ramírez
|
0-0: Ball 1-0: Ball 2-0: Called Strike 2-1: Ball 3-1: Ground out 6-3 (Groundball, 6)
|
Batting: LHB António Chávez
|
0-0: Called Strike 0-1: Foul Ball, location: 2F 0-2: Foul Ball, location: 2F 0-2: SINGLE (Groundball, 56D)
|
Batting: RHB Félix Trevino
|
0-0: Swinging Strike 0-1: Ball 1-1: Foul Ball, location: 2F 1-2: Ball 2-2: Ball 3-2: Ground out 6-3 (Groundball, 6)
|
Top of the 4th over - 0 runs, 1 hit, 0 errors, 1 left on base; Amarillo 1 - Louisville 0 |
BOTTOM OF THE 4TH |
Louisville Bats batting - Pitching for Amarillo Archdukes : RHP Ignacio Torres
|
Batting: LHB George Smith
|
0-0: Called Strike 0-1: Ball 1-1: Foul Ball, location: 2F 1-2: Ball 2-2: SINGLE (Groundball, 34D)
|
Batting: LHB Héctor Rentería
|
0-0: Ball 1-0: Ball 2-0: Ball 3-0: Base on Balls George Smith to second
|
Batting: RHB Juan García
|
0-0: Called Strike 0-1: Grounds into double play, 4-6-3 (Groundball, 4) George Smith to third
|
Batting: RHB Danny Campbell
|
0-0: Fly out, F9 (Flyball, 9S)
|
Bottom of the 4th over - 0 runs, 1 hit, 0 errors, 1 left on base; Amarillo 1 - Louisville 0 |
TOP OF THE 5TH |
Amarillo Archdukes batting - Pitching for Louisville Bats : LHP Ben Reyes
|
Batting: RHB Rich Henley
|
0-0: Foul Ball, location: 2F 0-1: Fly out, F4 (Popup, 4)
|
Batting: RHB Jesús Ramos
|
0-0: Called Strike 0-1: SINGLE (Groundball, 56D)
|
Batting: RHB Xie-li Fong
|
0-0: Foul Ball, location: 2F 0-1: Ball Jesús Ramos is caught stealing 2nd base 1-1: Fly out, F9 (Flyball, 9S)
|
Top of the 5th over - 0 runs, 1 hit, 0 errors, 0 left on base; Amarillo 1 - Louisville 0 |
BOTTOM OF THE 5TH |
Louisville Bats batting - Pitching for Amarillo Archdukes : RHP Ignacio Torres
|
Batting: RHB Júlio Sánchez
|
0-0: Ground out 6-3 (Groundball, 6)
|
Batting: LHB John Horton
|
0-0: Ball 1-0: Ball 2-0: Fly out, F7 (Flyball, 7LD)
|
Pitching: RHP Wilson Molina
|
|
Batting: LHB Don Soper
|
0-0: Ground out 4-3 (Groundball, 4)
|
Bottom of the 5th over - 0 runs, 0 hits, 0 errors, 0 left on base; Amarillo 1 - Louisville 0 |
TOP OF THE 6TH |
Amarillo Archdukes batting - Pitching for Louisville Bats : LHP Ben Reyes
|
Batting: LHB Brian Easdale
|
0-0: Called Strike 0-1: Called Strike 0-2: Fly out, F3 (Line Drive, 3)
|
Batting: SHB Álex Hernández
|
0-0: Ball 1-0: Ground out U3 (Groundball, 3S)
|
Batting: RHB Fernando Castellanos
|
0-0: Called Strike 0-1: Ball 1-1: Ball 2-1: Foul Ball, location: 2F 2-2: Strikes out looking
|
Top of the 6th over - 0 runs, 0 hits, 0 errors, 0 left on base; Amarillo 1 - Louisville 0 |
BOTTOM OF THE 6TH |
Louisville Bats batting - Pitching for Amarillo Archdukes : RHP Wilson Molina
|
Batting: SHB Dave Henley
|
0-0: Ball 1-0: SINGLE (Groundball, 6MD)
|
Batting: LHB Ramón Morales
|
0-0: Called Strike Dave Henley steals 2nd base 0-1: Swinging Strike 0-2: Ball 1-2: Ball 2-2: Foul Ball, location: 2F 2-2: Ball 3-2: SINGLE (Groundball, 4MD) Dave Henley to third Runner from 3rd tries for Home, SAFE, no throw
|
Batting: LHB George Smith
|
0-0: Ball 1-0: Ball Wild Pitch! Ramón Morales to second 2-0: Ball 3-0: Base on Balls
|
Batting: LHB Héctor Rentería
|
0-0: Ball 1-0: Swinging Strike 1-1: Ball 2-1: Foul Ball, location: 2F 2-2: SINGLE (Flyball, 7S) Ramón Morales to third George Smith to second Runner from 3rd tries for Home, SAFE, no throw
|
Pitching: RHP Dalton Ray
|
|
Batting: RHB Juan García
|
0-0: Ball 1-0: Foul Ball, location: 2F 1-1: Grounds into double play, 6-4-3 (Groundball, 6) George Smith to third
|
Batting: RHB Danny Campbell
|
0-0: Ball 1-0: Ball Wild Pitch! George Smith scores 2-0: Foul Ball, location: 2F 2-1: Swinging Strike 2-2: Foul Ball, location: 2F 2-2: Ground out 4-3 (Groundball, 4)
|
Bottom of the 6th over - 3 runs, 3 hits, 0 errors, 0 left on base; Amarillo 1 - Louisville 3 |
TOP OF THE 7TH |
Amarillo Archdukes batting - Pitching for Louisville Bats : LHP Ben Reyes
|
Batting: RHB Vincente Ramírez
|
0-0: Ball 1-0: DOUBLE (Line Drive, 7LM)
|
Batting: LHB António Chávez
|
0-0: Called Strike 0-1: Swinging Strike 0-2: Strikes out looking
|
Batting: RHB Félix Trevino
|
0-0: Foul Ball, location: 2F 0-1: Called Strike 0-2: Ball 1-2: Strikes out swinging
|
Batting: RHB Rich Henley
|
0-0: Called Strike 0-1: Ground out 6-3 (Groundball, 6)
|
Top of the 7th over - 0 runs, 1 hit, 0 errors, 1 left on base; Amarillo 1 - Louisville 3 |
BOTTOM OF THE 7TH |
Louisville Bats batting - Pitching for Amarillo Archdukes : RHP Dalton Ray
|
Batting: RHB Júlio Sánchez
|
0-0: Called Strike 0-1: Ball 1-1: Fly out, F9 (Flyball, 9S)
|
Pitching: LHP Tim Davidson
|
|
Batting: LHB John Horton
|
0-0: Ball 1-0: Fly out, F4 (Popup, 13S)
|
Batting: LHB Don Soper
|
0-0: Called Strike 0-1: SINGLE (Flyball, 8LS)
|
Pitching: LHP Tim Miller
|
|
Batting: SHB Dave Henley
|
0-0: Ball 1-0: Called Strike 1-1: Ball 2-1: DOUBLE (Line Drive, 9LS) Don Soper to third Runner from 3rd tries for Home, SAFE, no throw
|
Batting: LHB Ramón Morales
|
0-0: Called Strike 0-1: Called Strike 0-2: Strikes out swinging
|
Bottom of the 7th over - 1 run, 2 hits, 0 errors, 1 left on base; Amarillo 1 - Louisville 4 |
TOP OF THE 8TH |
Amarillo Archdukes batting - Pitching for Louisville Bats : LHP Ben Reyes
|
Pitching: RHP George Lockhart
|
|
Batting: RHB Jesús Ramos
|
0-0: Called Strike 0-1: Ball 1-1: DOUBLE (Line Drive, 7D)
|
Batting: RHB Xie-li Fong
|
0-0: Foul Ball, location: 2F 0-1: Foul Ball, location: 2F 0-2: Ball 1-2: Ball 2-2: Strikes out swinging
|
Pitching: LHP Denny Welch
|
|
Batting: LHB Brian Easdale
|
0-0: Called Strike 0-1: Foul Ball, location: 2F 0-2: Ball Wild Pitch! Jesús Ramos to third 1-2: SINGLE (Line Drive, 34) Jesús Ramos scores
|
Pitching: RHP Larry Jenkins
|
|
Batting: SHB Álex Hernández
|
0-0: Ball 1-0: Ball 2-0: Ball 3-0: Foul Ball, location: 2F 3-1: Foul Ball, location: 2F 3-2: Foul Ball, location: 2F 3-2: Ground out 3-1 (Groundball, 34) Brian Easdale to second
|
Batting: RHB Fernando Castellanos
|
0-0: Called Strike 0-1: Ball 1-1: Foul Ball, location: 2F 1-2: Foul Ball, location: 2F 1-2: Strikes out swinging
|
Top of the 8th over - 1 run, 2 hits, 0 errors, 1 left on base; Amarillo 2 - Louisville 4 |
BOTTOM OF THE 8TH |
Louisville Bats batting - Pitching for Amarillo Archdukes : LHP Tim Miller
|
Batting: LHB George Smith
|
0-0: Foul Ball, location: 2F 0-1: Fly out, F8 (Flyball, 8LXD)
|
Batting: LHB Héctor Rentería
|
0-0: Called Strike
|
|
|
|
0-1: Foul Ball, location: 2F 0-2: Ground out 4-3 (Groundball, 4)
|
Batting: RHB Juan García
|
0-0: Called Strike 0-1: Foul Ball, location: 2F 0-2: Foul Ball, location: 2F 0-2: Ball 1-2: Ball 2-2: SINGLE (Flyball, 9S)
|
Batting: RHB Danny Campbell
|
0-0: Ball 1-0: Called Strike 1-1: Ball 2-1: Ball 3-1: Called Strike 3-2: Fly out, F8 (Flyball, 8RM)
|
Bottom of the 8th over - 0 runs, 1 hit, 0 errors, 1 left on base; Amarillo 2 - Louisville 4 |
TOP OF THE 9TH |
Amarillo Archdukes batting - Pitching for Louisville Bats : RHP Larry Jenkins
|
Pitching: RHP John Thompson
|
|
Batting: RHB Vincente Ramírez
|
0-0: Ground out 2-3 (Groundball, 13S)
|
Batting: LHB António Chávez
|
0-0: Ball 1-0: Called Strike 1-1: Hit by Pitch
|
Pinch Hitting: SHB Jeff Chambers
|
0-0: Called Strike 0-1: Called Strike 0-2: Ball 1-2: Foul Ball, location: 2F 1-2: Fly out, F9 (Flyball, 9)
|
Pinch Hitting: LHB John Frost
|
0-0: Called Strike 0-1: Swinging Strike 0-2: Strikes out swinging
|
Top of the 9th over - 0 runs, 0 hits, 0 errors, 1 left on base; Amarillo 2 - Louisville 4 |
|
Saturday, April 7th, 2018 - OOTP Baseball 18.8 Build 76
|
|